 Dungeon Crawl Stone Soup version 0.30-a0-722-g3e6e8c874d (webtiles) character file.

Game seed: 15835246755614924655

79 mistaj the Trooper (level 4, -2/37 HPs)
             Began as a Demonspawn Fighter on Jan 28, 2023.
             Slain by Grinder (4 damage)
             ... on level 3 of the Dungeon.
             The game lasted 00:02:40 (2085 turns).

mistaj the Trooper (Demonspawn Fighter)             Turns: 2085, Time: 00:02:41

Health: -2/37      AC:  7    Str: 19    XL:     4   Next: 16%
Magic:  4/4        EV:  7    Int:  9    God:
Gold:   175        SH:  9    Dex: 12    Spells: 3/3 levels left

rFire   + . .      SeeInvis .    a - +0 war axe
rCold   . . .      Faith    .    h - +1 kite shield
rNeg    . . .      Spirit   .    b - +0 scale mail
rPois   .          Reflect  .    (no helmet)
rElec   .          Harm     .    e - +0 cloak
rCorr   .          Rampage  .    (no gloves)
Will    .....                    (no boots) Stlth
                                 (no amulet)
HPRegen 0.26/turn                i - ring of protection from fire
MPRegen 0.09/turn                (no ring)

@: no status effects
A: demonic magic 1
a: no special abilities


You were on level 3 of the Dungeon.
You visited 1 branch of the dungeon, and saw 3 of its levels.

You collected 175 gold pieces.

Inventory:

Hand Weapons
 a - a +0 war axe (weapon)
Armour
 b - a +0 scale mail (worn)
 e - a +0 cloak (worn)
 h - a +1 kite shield (worn)
Jewellery
 i - a ring of protection from fire (left hand)
Scrolls
 g - 2 scrolls of blinking
 j - a scroll of teleportation {unknown}
Potions
 c - 2 potions of lignification {unknown}
 d - 3 potions of might
 f - a potion of curing {unknown}


   Skills:
 + Level 3.8 Fighting
 + Level 2.6 Axes
 - Level 2.6 Armour
 + Level 3.4 Shields


You had 3 spell levels left.
You didn't know any spells.
Your spell library contained the following spells:

 Spells                   Type           Power      Damage    Failure   Level
 Ensorcelled Hibernation  Hex/Ice        0%         N/A       99%         2
 Spider Form              Tmut/Pois      0%         N/A       100%        3
 Anguish                  Hex/Necr       0%         N/A       100%        4
 Enfeeble                 Hex            0%         N/A       100%        7


Dungeon Overview and Level Annotations

Branches:
Dungeon (3/15)

Altars:

Annotations:
D:3 Grinder


Innate Abilities, Weirdness & Mutations

Spells you cast may paralyse adjacent enemies.


Message History

Grinder is nearby!
You block Grinder's attack.
You barely miss Grinder. Grinder gestures at you.
You resist with significant effort. Grinder hits you!
You hit Grinder.
Grinder is lightly wounded.
Grinder hits you.
You hit Grinder.
Grinder is lightly wounded.
Grinder hits you! Grinder gestures at you.
You suddenly lose the ability to move!
Grinder hits you but does no damage.
You can move again.
You slash Grinder!
Grinder is moderately wounded.
You block Grinder's attack.
You hit Grinder.
Grinder is heavily wounded.
Grinder gestures at you. You resist with significant effort.
You block Grinder's attack.
You completely miss Grinder.
Grinder is moderately wounded.
You block Grinder's attack.
You barely miss Grinder.
Grinder is moderately wounded.
Grinder hits you!
You writhe in agony.
* * * LOW HITPOINT WARNING * * *
Grinder blinks!
You slash Grinder!
Grinder is severely wounded.
Grinder hits you.
* * * LOW HITPOINT WARNING * * *
You writhe in agony.
* * * LOW HITPOINT WARNING * * *
You barely miss Grinder.
Grinder is severely wounded.
Grinder hits you.
You die...

###
#.##############
#.5............#
#@###########.##
#.# #.# #.# #.#
#.# #######.###
#!# ..........#
#.# ..........#
#.# ..........#
..# #######.###
#.#


You could see Grinder.

Vanquished Creatures
  An iguana (D:2)
  A worm (D:2)
  A dart slug (D:3)
  3 endoplasms
  3 giant cockroaches
  5 goblins
  5 hobgoblins
  4 jackals (D:3)
  3 quokkas
  3 ball pythons
  A bat (D:1)
  3 frilled lizards
  4 kobolds (D:1)
  8 rats
45 creatures vanquished.

Notes
Turn   | Place    | Note
-------+----------+-------------------------------------------
     0 | D:1      | mistaj the Demonspawn Fighter began the quest for the Orb.
     0 | D:1      | Reached XP level 1. HP: 18/18 MP: 1/1
    94 | D:1      | Gained mutation: Spells you cast may paralyse adjacent
                  | enemies. [demonic ancestry]
    94 | D:1      | Reached XP level 2. HP: 24/24 MP: 2/2
   565 | D:1      | Found a faded altar of an unknown god.
   951 | D:2      | Reached XP level 3. HP: 29/29 MP: 3/3
  1882 | D:3      | Reached XP level 4. HP: 32/37 MP: 4/4
  2066 | D:3      | Noticed Grinder
  2067 | D:3      | Paralysed by Grinder for 2 turns
  2077 | D:3      | Paralysed by Grinder for 2 turns
  2084 | D:3      | HP: 1/37 [Grinder (4)]
  2085 | D:3      | Slain by Grinder

Illustrated notes

Levels and vault maps discovered:
D:1:      wheals_arrival_shading, layout_loops_cross, serial_rivers,
          chequers_serial_rivers_marsh, chequers_serial_rivers_room_b,
          chequers_serial_rivers_micro_c, chequers_serial_rivers_small_b,
          chequers_serial_rivers_large_a, shapermc_ecumenical_altar_notcrosses,
          nicolae_kite_square_tiling_tiny
D:2:      layout_basic
D:3:      layout_basic, nicolae_tso_swordbearing_angel, st_stairs_2,
          fountainhead, uniq_terence, uniq_grinder, uniq_robin, uniq_sigmund

Skill      XL: |  1  2 |
---------------+-------+-----
Axes           | 2 |  2.6
Shields        | 3 |  3.4
Fighting       | |  3.8
Armour         | |  2.6

Action                     |  1- 3 |  4- 6 || total
---------------------------+-------+-------++-------
  Melee: War axe           |   113 |    39 ||   152
    Use: Scroll            |     4 |       ||     4
 Armour: Scale mail        |    38 |    15 ||    53
  Dodge: Dodged            |    44 |    10 ||    54
  Block: Buckler           |     8 |       ||     8
         Kite shield       |    21 |    27 ||    48

Table legend: (Time is in decaauts)
 A = Elapsed time spent in this place.
 B = Non-inter-level travel time spent in this place.
 C = Inter-level travel time spent in this place.
 D = Time resting spent in this place.
 E = Time spent auto-exploring this place.
 F = Levels seen in this place.
 G = Mean time per level.
                   A        B        C        D        E       F      G
               +--------+--------+--------+--------+--------+-----+--------+
         Total |   2175 |   2123 |     52 |    184 |   1518 |   3 |  725.0 |
       Dungeon |   2175 |   2123 |     52 |    184 |   1518 |   3 |  725.0 |
               +--------+--------+--------+--------+--------+-----+--------+

Top non-repeatable levels by time:
     D:2: 912 daAuts
     D:1: 870 daAuts
     D:3: 391 daAuts
